 Dungeon Crawl Stone Soup version 0.17-a0-377-gdd46233 (webtiles) character file.

17912 xeno23 the Destroyer (level 12, 0/100 HPs)
             Began as a Grey Draconian Conjurer on Apr 1, 2015.
             Was an Elder of Vehumet.
             Slain by a river rat (8 damage)
             ... on level 1 of the Lair of Beasts on Apr 2, 2015.
             The game lasted 02:01:49 (16566 turns).

xeno23 the Destroyer (Grey Draconian Conjurer)     Turns: 16566, Time: 02:01:49

Health: 0/100      AC: 18    Str: 12    XL:     12   Next: 23%
Magic:  3/27       EV: 14    Int: 24    God:    Vehumet [****..]
Gold:   692        SH:  0    Dex: 11    Spells: 5 memorised, 2 levels left

rFire  . . .     SeeInvis .     v - +2 war axe of the Apocalypse {holy, rC+ Int+4}
rCold  + . .     Clarity  .     (armour unavailable)
rNeg   . . .     SustAb   .     (no shield)
rPois  .         Gourm    .     (helmet restricted)
rElec  +         Spirit   .     s - +1 cloak
rCorr  .         Warding  .     (no gloves)
rMut   .         Stasis   .     C - +2 pair of boots {Stlth+}
MR     .....                    J - amulet of faith
Stlth  ++++......               H - ring of magical power
                                w - ring "Gogynar" {Wiz rElec Stlth+}

@: lethally poisoned (0 -> -39), not resistant to hostile enchantments, stealthy
A: walk through water, unfitting armour, unbreathing, cold-blooded, AC +13
a: Renounce Religion


You were on level 1 of the Lair of Beasts.
You worshipped Vehumet.
Vehumet was greatly pleased with you.
You were not hungry.

You visited 3 branches of the dungeon, and saw 14 of its levels.
You also visited: Labyrinth.

You collected 692 gold pieces.

Inventory:

Hand weapons
 v - the +2 war axe of the Apocalypse (weapon) {holy, rC+ Int+4}
   (You found it on level 4 of the Dungeon)

   It has been blessed by the Shining One to cause great damage to the undead
   and demons.
   It affects your intelligence (+4).
   It protects you from cold.
Missiles
 g - 15 stones
 B - 5 javelins (quivered)
Armour
 s - a +1 cloak (worn)
 C - a +2 pair of boots of stealth (worn)
Rods
 N - a +4 rod of destruction (13/13)
   (You found it in a labyrinth)
Jewellery
 w - the ring "Gogynar" (left hand) {Wiz rElec Stlth+}
   (You found it on level 4 of the Dungeon)

   [ring of wizardry]

   It improves your spell success rate.
   It insulates you from electricity.
   It makes you more stealthy.
 H - a ring of magical power (right hand)
 J - an amulet of faith (around neck)
Magical devices
 t - a wand of slowing (27)
 G - a wand of polymorph (5)
 I - a wand of random effects (14)
 M - a wand of disintegration (16)
 Y - a wand of cold (6)
Scrolls
 d - 3 scrolls of enchant weapon
 o - a scroll of teleportation
 q - 2 scrolls of fog
 u - 7 scrolls of remove curse
 R - a scroll of recharging
Potions
 a - 3 potions of agility
 f - 2 potions of resistance
 h - 3 potions of might
 i - 2 potions of cancellation
 l - a potion of ambrosia {unknown}
 n - 5 potions of brilliance
 p - 2 potions of curing {unknown}
 z - 2 potions of poison
 A - 2 potions of flight
 D - a potion of berserk rage {unknown}
 T - 2 potions of magic {unknown}
 X - a potion of degeneration {unknown}
Comestibles
 b - 7 bread rations
 m - 9 meat rations
 U - 7 royal jellies


   Skills:
 + Level 7.3 Fighting
 + Level 6.6 Dodging
 + Level 2.1 Stealth
 + Level 6.7 Spellcasting
 * Level 12.9 Conjurations
 - Level 5.1 Charms
 - Level 10.3 Earth Magic


You had 2 spell levels left.
You knew the following spells:

 Your Spells              Type           Power        Failure   Level  Hunger
a - Magic Dart            Conj           ####         1%          1    None
c - Iskenderun's Battles  Conj/Chrm      ######..     1%          5    #####..
d - Orb of Destruction    Conj           ######....   4%          7    #######
q - Stone Arrow           Conj/Erth      ######       1%          3    None
w - Iron Shot             Conj/Erth      ######....   1%          6    ######.


Dungeon Overview and Level Annotations

Branches:
Dungeon (11/15)            Temple (1/1) D:5            Lair (2/8) D:10
    Orc (0/4) D:11

Altars:
Ashenzari
Cheibriados
Dithmenos
Elyvilon
Fedhas
Gozag
Kikubaaqudgha
Makhleb
Nemelex Xobeh
Okawaru
Qazlal
Ru
Sif Muna
Trog
Vehumet
Xom
Yredelemnul
Zin
The Shining One
Beogh

Shops:
D:7 }   D:9 (


Innate Abilities, Weirdness & Mutations

You can walk through water.
Your dull iron-grey scales are very hard (AC +13).
Your body does not fit into most forms of armour.
You can survive without breathing.
You are cold-blooded and may be slowed by cold attacks.


Message History

Confirm with . or Enter, or press ? or * to list all spells.
Aiming: Magic Dart
Press: ? - help, Shift-Dir - straight line, f - river rat
Aim: a river rat (heavily wounded)
The magic dart hits the river rat.
The river rat is heavily wounded.
* * * LOW HITPOINT WARNING * * *
You feel very sick. The river rat misses you. The river rat bites you.
* * * LOW HITPOINT WARNING * * *
You take 7 damage.
Drink which item? (? for menu, Esc to quit)
Okay, then.
Drink which item? (? for menu, Esc to quit)
It was a potion of poison.
That liquid tasted very nasty...
You are more poisoned.
* * * LOW HITPOINT WARNING * * *
You feel very sick. The river rat bites you!
You die...

####.#......##.....#
###......##.
#..#.....##.....###P......#...
#..#.....##..)..........P###..
#P.#....................## #..
###..#...................## ##..
#.#...............*.......###...
##..##....#.##.................P
#.####....####r................#
### ##..P# #.r@.>.............(
##...###.†.................
#.....#..####..............
##......## #.#...#.#......
#......# ###...#####.... ###
##.....########...# ##... #.##
#.......##.##.....# #...
##.###...............?.### ##...
#...#...................###....


You could see 2 river rats.

Vanquished Creatures
  A minotaur (Lab)
  A hydra (Lair:1)
  The ghost of trelanon the Cleaver, an experienced DDBe of Trog (D:9)
  2 unseen horrors (D:10)
  The ghost of WhatIsLove the Geomancer, an experienced DDEE of Elyvilon (D:11)
  Pikel (D:8)
  3 hill giants
  A manticore (D:9)
  Joseph (Lair:1)
  5 spiny frogs (Lair:1)
  2 gargoyles
  2 two-headed ogres
  A trapdoor spider (Lab)
  2 deep elf magi
  2 wyverns
  3 hungry ghosts
  6 hippogriffs
  16 yaks
  2 wargs (D:10)
  A sky beast (D:10)
  A water moccasin (Lair:1)
  5 ogres
  2 ice beasts
  5 phantoms
  A porcupine (Lair:1)
  A black bear (D:7)
  A slave (D:8)
  5 orc warriors
  2 centaurs (D:11)
  4 crocodiles
  A big kobold (D:7)
  2 giant frogs
  4 wights
  2 scorpions
  2 quasits
  2 centaur zombies
  A goliath beetle (D:11)
  6 orc priests
  2 crimson imps
  A giant frog skeleton (D:8)
  9 orc wizards
  Ijyb (D:2)
  A giant frog zombie (D:10)
  8 hounds
  6 jellies
  5 worker ants
  4 iguanas
  7 sheep (Lair:1)
  2 hound zombies
  2 mummies
  3 worker ant zombies
  14 river rats (Lair:1)
  7 gnolls
  11 adders
  5 worms
  4 shadow imps
  3 adder zombies
  8 giant geckos
  5 oozes (D:9)
  35 orcs
  20 bats
  A bat skeleton (D:5)
  A bat zombie (D:8)
  4 giant cockroaches
  13 goblins
  12 hobgoblins
  7 jackals
  11 kobolds
  8 quokkas
  A giant gecko zombie (D:5)
  9 giant newts
  3 giant spores
  An orc skeleton (D:5)
  An orc zombie (D:5)
  9 rats
  A spectral orc (D:9)
  6 ballistomycetes
352 creatures vanquished.

Vanquished Creatures (others)
  A slave (D:9)
  A black bear (D:8)
  4 orcs
  A bat zombie (D:6)
  A jackal (D:6)
  2 kobolds (D:9)
  A quokka (D:8)
  A giant spore (D:11)
  A plant (Lair:1)
13 creatures vanquished.

Grand Total: 365 creatures vanquished

Notes
Turn   | Place    | Note
--------------------------------------------------------------
     0 | D:1      | xeno23, the Draconian Conjurer, began the quest for the Orb.
     0 | D:1      | Reached XP level 1. HP: 14/14 MP: 3/3
   220 | D:1      | Reached XP level 2. HP: 12/20 MP: 0/4
   950 | D:1      | You fall through a shaft!
  1154 | D:2      | Reached XP level 3. HP: 22/26 MP: 5/5
  1184 | D:2      | Reached skill level 5 in Conjurations
  1598 | D:2      | Reached XP level 4. HP: 25/33 MP: 6/6
  1876 | D:2      | Noticed Ijyb
  1895 | D:2      | Killed Ijyb
  1895 | D:2      | Reached skill level 6 in Conjurations
  2744 | D:3      | Reached XP level 5. HP: 34/38 MP: 1/7
  2754 | D:3      | Learned a level 5 spell: Iskenderun's Battlesphere
  2769 | D:3      | Found a sacrificial altar of Ru.
  2963 | D:3      | Found a burning altar of Makhleb.
  3077 | D:2      | Found a shadowy altar of Dithmenos.
  3077 | D:2      | Found a stormy altar of Qazlal.
  3398 | D:3      | Reached skill level 1 in Charms
  3714 | D:4      | Got a twitching marble ring
  3746 | D:4      | Identified the ring "Gogynar" {Wiz rElec Stlth+} (You found it on level 4 of the Dungeon)
  3911 | D:4      | Found a sparkling altar of Nemelex Xobeh.
  4118 | D:4      | Got an ancient war axe
  4119 | D:4      | Identified the +2 war axe of the Apocalypse {holy, rC+ Int+4} (You found it on level 4 of the Dungeon)
  4300 | D:5      | Entered Level 5 of the Dungeon
  4348 | D:5      | Found an ancient bone altar of Kikubaaqudgha.
  4362 | D:5      | Noticed a phantom
  4743 | D:5      | Reached XP level 6. HP: 45/45 MP: 4/8
  4972 | D:5      | Found a staircase to the Ecumenical Temple.
  4978 | Temple   | Entered the Ecumenical Temple
  5188 | Temple   | Became a worshipper of Vehumet
  5350 | D:5      | Killed a phantom
  5350 | D:5      | Reached skill level 7 in Conjurations
  5999 | D:6      | Your scales start taking on a dull iron-grey colour.
  5999 | D:6      | Gained mutation: You can survive without breathing. [Grey Draconian growth]
  5999 | D:6      | Reached XP level 7. HP: 32/50 MP: 0/9
  6406 | D:6      | Reached skill level 5 in Charms
  6409 | D:6      | Acquired Vehumet's first power
  6409 | D:6      | Offered knowledge of Freeze by Vehumet.
  6724 | D:7      | Reached skill level 8 in Conjurations
  6766 | D:7      | Reached XP level 8. HP: 55/57 MP: 6/10
  7169 | D:7      | Found Uptaucuph's Gadget Emporium.
  7242 | D:7      | Reached skill level 9 in Conjurations
  7901 | D:8      | Reached skill level 10 in Conjurations
  7937 | D:8      | Noticed Pikel
  7990 | D:8      | Killed Pikel
  7990 | D:8      | Reached XP level 9. HP: 42/68 MP: 1/12
  8182 | D:8      | Learned a level 6 spell: Iron Shot
  8312 | D:8      | Reached skill level 1 in Earth Magic
  8618 | D:9      | Offered knowledge of Throw Flame by Vehumet.
  8622 | D:9      | Noticed a manticore
  8630 | D:9      | Killed a manticore
  8632 | D:9      | Noticed trelanon's ghost (experienced DDBe)
  8633 | D:9      | Noticed a gargoyle
  9218 | D:9      | Killed trelanon's ghost
  9218 | D:9      | Reached XP level 10. HP: 59/77 MP: 7/13
  9390 | D:9      | Found a basalt altar of Yredelemnul.
  9487 | D:9      | Found Kiocs' Weapon Shoppe.
  9499 | D:9      | Killed a gargoyle
  9499 | D:9      | Reached skill level 10 in Earth Magic
  9593 | D:10     | Entered Level 10 of the Dungeon
  9602 | D:10     | Offered knowledge of Stone Arrow by Vehumet.
  9733 | D:10     | Noticed a hill giant
  9841 | D:11     | Learned a level 3 spell: Stone Arrow
 10200 | D:11     | Noticed WhatIsLove's ghost (experienced DDEE)
 10202 | D:11     | Found a labyrinth entrance.
 10218 | Lab      | Entered a labyrinth
 11197 | Lab      | Noticed a minotaur
 11207 | Lab      | Killed a minotaur
 11353 | D:11     | Noticed a hill giant
 11357 | D:11     | Killed a hill giant
 11357 | D:11     | Reached skill level 11 in Conjurations
 11510 | D:10     | Acquired Vehumet's second power
 11532 | D:10     | Reached XP level 11. HP: 76/85 MP: 15/15
 11560 | D:10     | Reached skill level 5 in Fighting
 11574 | D:10     | Reached skill level 5 in Spellcasting
 11975 | D:11     | Killed WhatIsLove's ghost
 12090 | D:11     | Reached skill level 5 in Dodging
 12111 | D:11     | Found a staircase to the Orcish Mines.
 12232 | D:11     | Offered knowledge of Airstrike by Vehumet.
 12256 | D:11     | Found a roughly hewn altar of Beogh.
 12388 | D:10     | Killed a hill giant
 12412 | D:10     | Acquired Vehumet's third power
 13172 | D:10     | Killed an unseen horror
 13172 | D:10     | Offered knowledge of Conjure Flame by Vehumet.
 13372 | D:10     | Killed an unseen horror
 13760 | D:10     | Found a staircase to the Lair.
 13776 | D:10     | Reached skill level 12 in Conjurations
 13798 | D:10     | Noticed a hill giant
 14275 | D:10     | Killed a hill giant
 14469 | D:10     | Learned a level 7 spell: Orb of Destruction
 14554 | Lair:1   | Entered Level 1 of the Lair of Beasts
 14687 | Lair:1   | Offered knowledge of Irradiate by Vehumet.
 15106 | Lair:1   | Noticed Joseph
 15114 | Lair:1   | Killed Joseph
 15468 | Lair:1   | Noticed a four-headed hydra
 15473 | Lair:1   | Killed a four-headed hydra
 15473 | Lair:1   | Reached XP level 12. HP: 97/97 MP: 18/18
 15577 | Lair:1   | Identified a scroll of acquirement
 16361 | Lair:1   | Identified a +4 rod of destruction (13/13) (You found it in a labyrinth)
 16566 | Lair:1   | Slain by a river rat

Action                   |  1- 3 |  4- 6 |  7- 9 | 10-12 || total
-------------------------+-------+-------+-------+-------++-------
Melee: Unarmed           |    60 |       |       |       ||    60
       Dagger            |   119 |   156 |       |       ||   275
       War axe           |       |   105 |   225 |   252 ||   582
Throw: Stone             |     2 |     4 |       |       ||     6
       Javelin           |       |       |     2 |       ||     2
 Cast: Magic Dart        |    28 |    97 |   113 |   175 ||   413
       Iskenderun's Batt |       |     2 |    19 |    34 ||    55
       Iron Shot         |       |       |     3 |    33 ||    36
       Stone Arrow       |       |       |       |    62 ||    62
       Orb of Destructio |       |       |       |     4 ||     4
Evoke: Wand              |       |       |       |     7 ||     7
  Use: Scroll            |     4 |     6 |     7 |     6 ||    23
       Potion            |       |       |       |     3 ||     3
 Stab: Sleeping          |       |     4 |     6 |     5 ||    15
  Eat: Chunk             |     3 |    15 |    16 |    36 ||    70
       Pizza             |       |       |     2 |       ||     2
       Beef jerky        |       |       |       |     4 ||     4
       Royal jelly       |       |       |       |     5 ||     5
